| TOP OF THE 1ST |
|
Minot Jets batting - Pitching for Billings Mustangs : RHP Bill Wegman
|
|
Pitching: RHP Bill Wegman
|
|
|
Batting: LHB Theodore Milner
|
0-0: Ball 1-0: Fly out, F8 (Flyball, 89D, EV 85.6 MPH)
|
|
Batting: SHB Ken Kinnard
|
0-0: Ground out 6-3 (Groundball, 6, EV 104.4 MPH)
|
|
Batting: LHB Douglas Reibel
|
0-0: Ball 1-0: Ground out 6-3 (Groundball, 6, EV 88.8 MPH)
|
| Top of the 1st over - 0 runs, 0 hits, 0 errors, 0 left on base; Minot 0 - Billings 0 |
| BOTTOM OF THE 1ST |
|
Billings Mustangs batting - Pitching for Minot Jets : LHP Carl Hamilton
|
|
Pitching: LHP Carl Hamilton
|
|
|
Batting: RHB Joseph Kramer
|
0-0: Ball 1-0: Ball 2-0: Called Strike 2-1: Ball 3-1: Base on Balls
|
|
Batting: SHB Terrence Derby
|
0-0: Ball 1-0: Fly out, F2 (Popup, 5SF, EV 75.0 MPH)
|
|
Batting: LHB Dave Verkuilen
|
0-0: Ball 1-0: Ball 2-0: DOUBLE (Line Drive, 7LS, EV 99.4 MPH) Joseph Kramer to third
|
|
Batting: RHB James Hudson
|
0-0: Ball 1-0: Ground out 6-3 (Groundball, 6S, EV 86.3 MPH) Joseph Kramer scores
|
|
Batting: RHB Timothy Smith
|
0-0: Ball 1-0: Ball 2-0: Ball 3-0: Base on Balls
|
|
Batting: RHB Bob Berry
|
0-0: Ball 1-0: Ball 2-0: Ball 3-0: Called Strike 3-1: Called Strike 3-2: Base on Balls Dave Verkuilen to third Timothy Smith to second
|
|
Batting: RHB Randy Day
|
0-0: Ball 1-0: Ball Wild Pitch! Dave Verkuilen scores Timothy Smith to third Bob Berry to second 2-0: Swinging Strike 2-1: Swinging Strike 2-2: Strikes out looking
|
| Bottom of the 1st over - 2 runs, 1 hit, 0 errors, 2 left on base; Minot 0 - Billings 2 |
| TOP OF THE 2ND |
|
Minot Jets batting - Pitching for Billings Mustangs : RHP Bill Wegman
|
|
Batting: RHB Troy Afenir
|
0-0: Fly out, F3 (Popup, 3SF, EV 68.1 MPH)
|
|
Batting: RHB Brad Jones
|
0-0: Swinging Strike 0-1: DOUBLE (Line Drive, 89D, EV 103.8 MPH)
|
|
Batting: RHB Jim Dickerson
|
0-0: Ball 1-0: Foul Ball, location: 2F 1-1: Ground out 5-3 (Groundball, 5L, EV 83.8 MPH)
|
|
Batting: RHB Andrew Snaith
|
0-0: Foul Ball, location: 2F 0-1: Swinging Strike 0-2: Foul Ball, location: 2F 0-2: Strikes out swinging
|
| Top of the 2nd over - 0 runs, 1 hit, 0 errors, 1 left on base; Minot 0 - Billings 2 |
| BOTTOM OF THE 2ND |
|
Billings Mustangs batting - Pitching for Minot Jets : LHP Carl Hamilton
|
|
Batting: RHB Leonidas Nolasco
|
0-0: Called Strike 0-1: Ball 1-1: Bunt for hit to 13S - play at first, batter OUT! 1-3
|
|
Batting: RHB Brian Milner
|
0-0: Ground out U3 (Groundball, 3S, EV 82.5 MPH)
|
|
Batting: RHB Joseph Kramer
|
0-0: Foul Ball, location: 2F 0-1: Ball 1-1: Foul Ball, location: 2F 1-2: Ball 2-2: Fly out, F8 (Line Drive, 8RM, EV 84.4 MPH)
|
| Bottom of the 2nd over - 0 runs, 0 hits, 0 errors, 0 left on base; Minot 0 - Billings 2 |
| TOP OF THE 3RD |
|
Minot Jets batting - Pitching for Billings Mustangs : RHP Bill Wegman
|
|
Batting: RHB Jesus Aybar
|
0-0: Ball 1-0: Foul Ball, location: 2F 1-1: Swinging Strike 1-2: Foul Ball, location: 2F 1-2: Ball 2-2: Foul Ball, location: 2F 2-2: Fly out, F8 (Flyball, 8LD, EV 93.8 MPH)
|
|
Batting: RHB Hugo Olivas
|
0-0: Ball 1-0: Ball 2-0: Foul Ball, location: 2F 2-1: Ball 3-1: Ground out 4-3 (Groundball, 4S, EV 62.5 MPH)
|
|
Batting: LHB Theodore Milner
|
0-0: Called Strike 0-1: Foul Ball, location: 2F 0-2: Ball 1-2: Ball 2-2: Ground out U3 (Groundball, 34S, EV 86.9 MPH)
|
| Top of the 3rd over - 0 runs, 0 hits, 0 errors, 0 left on base; Minot 0 - Billings 2 |
| BOTTOM OF THE 3RD |
|
Billings Mustangs batting - Pitching for Minot Jets : LHP Carl Hamilton
|
|
Batting: SHB Terrence Derby
|
0-0: Ball 1-0: Foul Ball, location: 2F 1-1: Swinging Strike 1-2: Ball 2-2: Strikes out swinging
|
|
Batting: LHB Dave Verkuilen
|
0-0: Ball 1-0: Foul Ball, location: 2F 1-1: Ball 2-1: Swinging Strike 2-2: Strikes out looking
|
|
Batting: RHB James Hudson
|
0-0: Swinging Strike 0-1: Ball 1-1: Ball 2-1: Foul Ball, location: 2F 2-2: SOLO HOME RUN (Flyball, 7D, EV 104.4 MPH), Distance : 363 ft
|
|
Batting: RHB Timothy Smith
|
0-0: DOUBLE (Flyball, 78D, EV 108.1 MPH)
|
|
Batting: RHB Bob Berry
|
0-0: Swinging Strike 0-1: Ball 1-1: Called Strike 1-2: Ball 2-2: Fly out, F9 (Line Drive, 9, EV 95.0 MPH)
|
| Bottom of the 3rd over - 1 run, 2 hits, 0 errors, 1 left on base; Minot 0 - Billings 3 |
| TOP OF THE 4TH |
|
Minot Jets batting - Pitching for Billings Mustangs : RHP Bill Wegman
|
|
Batting: SHB Ken Kinnard
|
0-0: Called Strike 0-1: Ball 1-1: Swinging Strike 1-2: Ground out 5-3 (Groundball, 15, EV 83.8 MPH)
|
|
Batting: LHB Douglas Reibel
|
0-0: Called Strike 0-1: Foul Ball, location: 2F 0-2: Ball 1-2: Strikes out swinging
|
|
Batting: RHB Troy Afenir
|
0-0: Ball 1-0: Ball 2-0: Foul Ball, location: 2F 2-1: Called Strike 2-2: Ball 3-2: Foul Ball, location: 2F 3-2: Base on Balls
|
|
Batting: RHB Brad Jones
|
0-0: Called Strike 0-1: Ball 1-1: Swinging Strike 1-2: Foul Ball, location: 2F 1-2: Strikes out swinging
|
| Top of the 4th over - 0 runs, 0 hits, 0 errors, 1 left on base; Minot 0 - Billings 3 |
| BOTTOM OF THE 4TH |
|
Billings Mustangs batting - Pitching for Minot Jets : LHP Carl Hamilton
|
|
Batting: RHB Randy Day
|
0-0: DOUBLE (Line Drive, 7LM, EV 91.3 MPH)
|
|
Batting: RHB Leonidas Nolasco
|
0-0: Ball 1-0: Ball 2-0: Ball 3-0: Foul Ball, location: 2F 3-1: Called Strike 3-2: Strikes out looking
|
|
Batting: RHB Brian Milner
|
0-0: Swinging Strike 0-1: Foul Ball, location: 2F 0-2: Ball 1-2: Strikes out looking
|
|
Batting: RHB Joseph Kramer
|
0-0: Called Strike 0-1: Swinging Strike 0-2: SINGLE (Groundball, 34D, EV 96.3 MPH) Randy Day to third Runner from 3rd tries for Home, SAFE, throw by RF to home
|
|
Batting: SHB Terrence Derby
|
0-0: Ball 1-0: Foul Ball, location: 2F 1-1: Ball Passed Ball! Joseph Kramer to second 2-1: Ball 3-1: Base on Balls
|
|
Batting: LHB Dave Verkuilen
|
0-0: Ball 1-0: Ball 2-0: Ball 3-0: Called Strike 3-1: Swinging Strike 3-2: Strikes out swinging
|
| Bottom of the 4th over - 1 run, 2 hits, 0 errors, 2 left on base; Minot 0 - Billings 4 |
| TOP OF THE 5TH |
|
Minot Jets batting - Pitching for Billings Mustangs : RHP Bill Wegman
|
|
Batting: RHB Jim Dickerson
|
0-0: Ball 1-0: SINGLE (Line Drive, 56, EV 97.5 MPH)
|
|
Batting: RHB Andrew Snaith
|
0-0: Foul Ball, location: 2F 0-1: Called Strike 0-2: Foul Ball, location: 2F 0-2: Strikes out looking
|
|
Batting: RHB Jesus Aybar
|
0-0: Called Strike 0-1: Fielders Choice at 2nd, 6-4 (Groundball, 56, EV 83.8 MPH)
|
|
Batting: RHB Hugo Olivas
|
0-0: Ball 1-0: Ball 2-0: Ball 3-0: Called Strike 3-1: Called Strike 3-2: Foul Ball, location: 2F 3-2: Strikes out swinging
|
| Top of the 5th over - 0 runs, 1 hit, 0 errors, 1 left on base; Minot 0 - Billings 4 |
| BOTTOM OF THE 5TH |
|
Billings Mustangs batting - Pitching for Minot Jets : LHP Carl Hamilton
|
|
Batting: RHB James Hudson
|
0-0: Called Strike 0-1: Called Strike 0-2: Foul Ball, location: 2F 0-2: Ball 1-2: Fly out, F8 (Line Drive, 8RD, EV 94.4 MPH)
|
|
Batting: RHB Timothy Smith
|
0-0: Called Strike 0-1: Ball 1-1: Foul Ball, location: 2F 1-2: Ball 2-2: Ball 3-2: Base on Balls
|
|
Batting: RHB Bob Berry
|
0-0: Foul Ball, location: 2F 0-1: Called Strike 0-2: Fly out, F7 (Flyball, 7, EV 88.1 MPH)
|
|
Batting: RHB Randy Day
|
0-0: Ball 1-0: Ball 2-0: Called Strike 2-1: Swinging Strike 2-2: Foul Ball, location: 2F 2-2: Foul Ball, location: 2F 2-2: Ball 3-2: Foul Ball, location: 2F 3-2: Foul Ball, location: 2F 3-2: Foul Ball, location: 2F 3-2: Foul Ball, location: 2F 3-2: Base on Balls Timothy Smith to second
|
|
Batting: RHB Leonidas Nolasco
|
0-0: Called Strike 0-1: Ball 1-1: Ball 2-1: Ball 3-1: Ground out 6-3 (Groundball, 6M, EV 101.3 MPH)
|
| Bottom of the 5th over - 0 runs, 0 hits, 0 errors, 2 left on base; Minot 0 - Billings 4 |
| TOP OF THE 6TH |
|
Minot Jets batting - Pitching for Billings Mustangs : RHP Bill Wegman
|
|
Batting: LHB Theodore Milner
|
0-0: Foul Ball, location: 2F 0-1: Swinging Strike 0-2: Ground out U3 (Groundball, 3D, EV 80.6 MPH)
|
|
Batting: SHB Ken Kinnard
|
0-0: Called Strike 0-1: Ball 1-1: SINGLE (Line Drive, 6D, EV 103.1 MPH)
|
|
Batting: LHB Douglas Reibel
|
0-0: Ball 1-0: Called Strike 1-1: Ball 2-1: Swinging Strike 2-2: Foul Ball, location: 2F 2-2: Strikes out swinging
|
|
Batting: RHB Troy Afenir
|
0-0: Ball Ken Kinnard is caught stealing 2nd base 2-4
|
| Top of the 6th over - 0 runs, 1 hit, 0 errors, 0 left on base; Minot 0 - Billings 4 |
| BOTTOM OF THE 6TH |
|
Billings Mustangs batting - Pitching for Minot Jets : LHP Carl Hamilton
|
|
Batting: RHB Brian Milner
|
0-0: Ball 1-0: Foul Ball, location: 2F 1-1: Ball 2-1: Ball 3-1: Base on Balls
|
|
Batting: RHB Joseph Kramer
|
0-0: Foul Ball, location: 2F 0-1: Ball 1-1: Ball 2-1: Ball 3-1: Base on Balls Brian Milner to second
|
|
Batting: SHB Terrence Derby
|
0-0: Bunted foul 0-1: Sac Bunt to P - play at first, batter OUT! 1-4 Brian Milner to third Joseph Kramer to second
|
|
Batting: LHB Dave Verkuilen
|
0-0: Ball 1-0: Called Strike 1-1: Ball 2-1: Fly out, F5 (Popup, 5S, EV 80.0 MPH)
|
|
Batting: RHB James Hudson
|
0-0: Ball 1-0: Foul Ball, location: 2F 1-1: Foul Ball, location: 2F 1-2: Ball 2-2: Ball 3-2: Strikes out swinging
|
| Bottom of the 6th over - 0 runs, 0 hits, 0 errors, 2 left on base; Minot 0 - Billings 4 |
| TOP OF THE 7TH |
|
Minot Jets batting - Pitching for Billings Mustangs : RHP Bill Wegman
|
|
Batting: RHB Troy Afenir
|
0-0: Ground out 5-3 (Groundball, 56, EV 105.6 MPH)
|
|
Batting: RHB Brad Jones
|
0-0: Called Strike 0-1: DOUBLE (Flyball, 89D, EV 99.4 MPH)
|
|
Batting: RHB Jim Dickerson
|
0-0: Called Strike 0-1: Ground out 5-3 (Groundball, 56S, EV 88.1 MPH)
|
|
Batting: RHB Andrew Snaith
|
0-0: Ball 1-0: Called Strike 1-1: Ball 2-1: Foul Ball, location: 2F 2-2: Foul Ball, location: 2F 2-2: Ball 3-2: Foul Ball, location: 2F 3-2: Strikes out swinging
|
| Top of the 7th over - 0 runs, 1 hit, 0 errors, 1 left on base; Minot 0 - Billings 4 |
| BOTTOM OF THE 7TH |
|
Billings Mustangs batting - Pitching for Minot Jets : LHP Carl Hamilton
|
|
Batting: RHB Timothy Smith
|
0-0: Ball 1-0: Ball 2-0: Called Strike 2-1: SINGLE (Groundball, 6S, EV 75.0 MPH) (infield hit)
|
|
Pitching: RHP Don Schulze
|
|
|
Batting: RHB Bob Berry
|
0-0: Called Strike 0-1: SINGLE (Line Drive, 7S, EV 89.4 MPH) Timothy Smith to second Timothy Smith to third
|
|
Batting: RHB Randy Day
|
0-0: Called Strike Bob Berry is caught stealing 2nd base 2-4 0-1: Swinging Strike 0-2: Strikes out looking
|
|
Batting: RHB Leonidas Nolasco
|
0-0: Ball 1-0: Called Strike 1-1: Swinging Strike 1-2: Ball 2-2: Ball 3-2: Base on Balls
|
|
Batting: RHB Brian Milner
|
0-0: Called Strike 0-1: Ball 1-1: Foul Ball, location: 2F 1-2: Fielders Choice at 2nd, U4 (Groundball, 4M, EV 85.6 MPH)
|
| Bottom of the 7th over - 0 runs, 2 hits, 0 errors, 2 left on base; Minot 0 - Billings 4 |
| TOP OF THE 8TH |
|
Minot Jets batting - Pitching for Billings Mustangs : RHP Bill Wegman
|
|
Batting: RHB Jesus Aybar
|
0-0: Ball 1-0: Ground out 4-3 (Groundball, 4, EV 84.4 MPH)
|
|
Batting: RHB Hugo Olivas
|
0-0: Ball 1-0: Foul Ball, location: 2F 1-1: SINGLE (Line Drive, 5D, EV 98.1 MPH)
|
|
Batting: LHB Theodore Milner
|
0-0: Swinging Strike 0-1: Ground out 3-1 (Groundball, 34S, EV 88.8 MPH) Hugo Olivas to second
|
|
Batting: SHB Ken Kinnard
|
0-0: Called Strike 0-1: Ball 1-1: Ball 2-1: Ball 3-1: Base on Balls
|
|
Batting: LHB Douglas Reibel
|
0-0: Called Strike 0-1: DOUBLE (Line Drive, 7LM, EV 88.8 MPH) Hugo Olivas scores Ken Kinnard to third Runner from 3rd tries for Home, SAFE, no throw by LF
|
|
Batting: RHB Troy Afenir
|
0-0: Ball 1-0: 2-RUN HOME RUN (Line Drive, 78XD, EV 104.4 MPH), Distance : 428 ft
|
|
Batting: RHB Brad Jones
|
0-0: Called Strike 0-1: Ball 1-1: Fly out, F8 (Flyball, 89M, EV 91.3 MPH)
|
| Top of the 8th over - 4 runs, 3 hits, 0 errors, 0 left on base; Minot 4 - Billings 4 |
| BOTTOM OF THE 8TH |
|
Billings Mustangs batting - Pitching for Minot Jets : RHP Don Schulze
|
|
Batting: RHB Joseph Kramer
|
0-0: Ball 1-0: Swinging Strike 1-1: Swinging Strike 1-2: Strikes out swinging
|
|
Batting: SHB Terrence Derby
|
0-0: Ball 1-0: Ball 2-0: Called Strike 2-1: Foul Ball, location: 2F 2-2: Ball 3-2: Foul Ball, location: 2F 3-2: SINGLE (Groundball, 3D, EV 105.0 MPH)
|
|
Batting: LHB Dave Verkuilen
|
0-0: Ball 1-0: Ball 2-0: Swinging Strike 2-1: Ball Wild Pitch! Terrence Derby to second 3-1: Intentional Walk
|
|
Batting: RHB James Hudson
|
0-0: Swinging Strike 0-1: Ball 1-1: Ball Terrence Derby steals 3rd base 2-1: Foul Ball, location: 2F 2-2: Foul Ball, location: 2F 2-2: Ball 3-2: Base on Balls Dave Verkuilen to second
|
|
Batting: RHB Timothy Smith
|
0-0: Grounds into fielders choice 5-2 (Groundball, 56S, EV 90.0 MPH) Dave Verkuilen to third James Hudson to second
|
|
Batting: RHB Bob Berry
|
0-0: Ball 1-0: Foul Ball, location: 2F 1-1: Foul Ball, location: 2F 1-2: Foul Ball, location: 2F 1-2: Fly out, F7 (Flyball, 7S, EV 75.6 MPH)
|
| Bottom of the 8th over - 0 runs, 1 hit, 0 errors, 3 left on base; Minot 4 - Billings 4 |
| TOP OF THE 9TH |
|
Minot Jets batting - Pitching for Billings Mustangs : RHP Bill Wegman
|
|
Batting: RHB Jim Dickerson
|
0-0: Ball 1-0: DOUBLE (Line Drive, 7LS, EV 103.1 MPH)
|
|
Pinch Hitting: RHB David Griego
|
0-0: Intentional Walk
|
|
Batting: RHB Jesus Aybar
|
0-0: Bunted foul 0-1: Bunted foul 0-2: Foul Ball, location: 2F 0-2: SINGLE (Groundball, 34D, EV 83.8 MPH) (infield hit) Jim Dickerson to third David Griego to second
|
|
Pinch Hitting: LHB John Wilson
|
0-0: Foul Ball, location: 2F 0-1: Ball 1-1: SINGLE (Flyball, 4D, EV 97.5 MPH) Jim Dickerson scores David Griego to third Jesus Aybar to second
|
|
Batting: LHB Theodore Milner
|
0-0: Ball 1-0: Foul Ball, location: 2F 1-1: Ball 2-1: Called Strike 2-2: Strikes out swinging
|
|
Batting: SHB Ken Kinnard
|
0-0: Called Strike 0-1: Called Strike 0-2: SINGLE (Flyball, 56D, EV 95.6 MPH) David Griego scores Jesus Aybar to third John Wilson to second Runner from 3rd tries for Home, SAFE, throw by LF to home
|
|
Pitching: RHP Marco Castillo
|
|
|
Batting: LHB Douglas Reibel
|
0-0: Ball 1-0: Called Strike 1-1: Ball 2-1: Foul Ball, location: 2F 2-2: Ball 3-2: Foul Ball, location: 2F 3-2: Fly out, F8 (Flyball, 8LM, EV 87.5 MPH)
|
|
Batting: RHB Troy Afenir
|
0-0: Called Strike 0-1: Foul Ball, location: 2F 0-2: Fly out, F7 (Flyball, 7S, EV 88.1 MPH)
|
| Top of the 9th over - 3 runs, 4 hits, 0 errors, 2 left on base; Minot 7 - Billings 4 |
| BOTTOM OF THE 9TH |
|
Billings Mustangs batting - Pitching for Minot Jets : RHP Don Schulze
|
|
Pitching: RHP Danny Ontiveros
|
|
|
Now at 3B: Van Starnes
|
|
|
Now at SS: Dexter Day
|
|
|
Batting: RHB Randy Day
|
0-0: Swinging Strike 0-1: Fly out, F9 (Flyball, 89S, EV 87.5 MPH)
|
|
Batting: RHB Leonidas Nolasco
|
0-0: SINGLE (Groundball, 56, EV 98.1 MPH) (infield hit)
|
|
Batting: RHB Brian Milner
|
0-0: Ball 1-0: Foul Ball, location: 2F 1-1: Ground out 3-1 (Groundball, 34, EV 91.3 MPH) Leonidas Nolasco to second
|
|
Batting: RHB Joseph Kramer
|
0-0: Foul Ball, location: 2F 0-1: Ball 1-1: Called Strike 1-2: Foul Ball, location: 2F 1-2: Ground out 6-3 (Groundball, 6, EV 90.6 MPH)
|
| Bottom of the 9th over - 0 runs, 1 hit, 0 errors, 1 left on base; Minot 7 - Billings 4 |
|